BLB
SANTO DOMINGO RUM RUNNERS @ SEATTLE PILOTS
04/16/2060
 
TOP OF THE 1ST
Toronto Canadians batting - Pitching for Windy City Blues : RHP Cade Hogan
Pitching: RHP Cade Hogan
Batting: RHB Olin Keele 0-0: Ball
1-0: DOUBLE (Line Drive, 8RD, EV 101.2 MPH)
Batting: RHB Vin Edwards 0-0: Ball
1-0: DOUBLE (Line Drive, 78D, EV 108.1 MPH)
Olin Keele scores
Batting: LHB Chase Calhoun 0-0: Foul Ball, location: 2F
0-1: Ball
1-1: Swinging Strike
1-2: Strikes out swinging
Batting: LHB Brian Wheat 0-0: Ball
1-0: Fly out, F5 (Popup, 6, EV 66.2 MPH)
Batting: LHB Kelvin Kenney 0-0: Called Strike
0-1: Foul Ball, location: 2F
0-2: Ball
1-2: Foul Ball, location: 2F
1-2: SINGLE (Flyball, 89S, EV 91.9 MPH)
Vin Edwards to third
Batting: RHB Manuel Zaragoza 0-0: Called Strike
0-1: Swinging Strike
0-2: Ball
1-2: Foul Ball, location: 2F
1-2: Foul Ball, location: 2F
1-2: Ball
2-2: Strikes out looking
Top of the 1st over - 1 run, 3 hits, 0 errors, 2 left on base; Toronto 1 - Windy City 0
BOTTOM OF THE 1ST
Windy City Blues batting - Pitching for Toronto Canadians : RHP JaQuan Wamugunda
Pitching: RHP JaQuan Wamugunda
Batting: RHB Ty Dec 0-0: Called Strike
0-1: Ball
1-1: Called Strike
1-2: Strikes out swinging
Batting: SHB J.J. Evans 0-0: Foul Ball, location: 2F
0-1: Foul Ball, location: 2F
0-2: SINGLE (Groundball, 4MD, EV 101.9 MPH)
Batting: LHB Tommy Tuten 0-0: Ball
1-0: SINGLE (Flyball, 34D, EV 91.2 MPH)
J.J. Evans to second
Batting: LHB Idris Wnuk 0-0: Ball
1-0: Foul Ball, location: 2F
1-1: Foul Ball, location: 2F
1-2: Ball
2-2: Ball
3-2: Strikes out swinging
Batting: LHB Jedediah Hernandez 0-0: Called Strike
0-1: Called Strike
0-2: Ball
1-2: Strikes out looking
Bottom of the 1st over - 0 runs, 2 hits, 0 errors, 2 left on base; Toronto 1 - Windy City 0
TOP OF THE 2ND
Toronto Canadians batting - Pitching for Windy City Blues : RHP Cade Hogan
Batting: LHB David Mitchell 0-0: Called Strike
0-1: Foul Ball, location: 2F
0-2: Ball
1-2: TRIPLE (Flyball, 89XD, EV 109.4 MPH)
Batting: LHB Cory Petit 0-0: Ball
1-0: Ground out 6-3 (Groundball, 6, EV 110.6 MPH)
David Mitchell scores
Batting: RHB Keon Pryor 0-0: Ball
1-0: Ground out 6-3 (Groundball, 6M, EV 101.9 MPH)
Batting: RHB Olin Keele 0-0: Called Strike
0-1: SINGLE (Groundball, 2R, EV 69.4 MPH) (infield hit)
Batting: RHB Vin Edwards 0-0: Called Strike
Olin Keele is caught stealing 2nd base 2-4
Top of the 2nd over - 1 run, 2 hits, 0 errors, 0 left on base; Toronto 2 - Windy City 0
BOTTOM OF THE 2ND
Windy City Blues batting - Pitching for Toronto Canadians : RHP JaQuan Wamugunda
Batting: RHB Corbin Herron 0-0: Called Strike
0-1: Ball
1-1: Called Strike
1-2: Ball
2-2: Foul Ball, location: 2F
2-2: Strikes out swinging
Batting: RHB Forest Cordova 0-0: Ball
1-0: Called Strike
1-1: Swinging Strike
1-2: Strikes out looking
Batting: RHB Adrien Jimenez 0-0: Called Strike
0-1: Swinging Strike
0-2: Ball
1-2: Ball
2-2: Foul Ball, location: 2F
2-2: Foul Ball, location: 2F
2-2: Ball
3-2: Foul Ball, location: 2F
3-2: Base on Balls
Batting: RHB Del Tarrance 0-0: Ball
1-0: Called Strike
1-1: Foul Ball, location: 2F
1-2: Fielders Choice at 2nd, 6-4 (Groundball, 56, EV 103.1 MPH)
Bottom of the 2nd over - 0 runs, 0 hits, 0 errors, 1 left on base; Toronto 2 - Windy City 0
TOP OF THE 3RD
Toronto Canadians batting - Pitching for Windy City Blues : RHP Cade Hogan
Batting: RHB Vin Edwards 0-0: SINGLE (Groundball, 56D, EV 105.0 MPH)
Batting: LHB Chase Calhoun 0-0: Ball
1-0: Called Strike
1-1: Ball
2-1: Foul Ball, location: 2F
2-2: Ball
3-2: Ground out 4-3 (Groundball, 34D, EV 98.8 MPH)
Vin Edwards to second
Batting: LHB Brian Wheat 0-0: Called Strike
0-1: SINGLE (Groundball, 34S, EV 67.5 MPH) (infield hit)
Vin Edwards to third
Batting: LHB Kelvin Kenney 0-0: Ball
1-0: Foul Ball, location: 2F
1-1: Ball
2-1: Foul Ball, location: 2F
2-2: Strikes out swinging
Batting: RHB Manuel Zaragoza 0-0: Ball
1-0: Foul Ball, location: 2F
1-1: Ball
2-1: Fielders Choice at 2nd, U4 (Groundball, 4M, EV 104.4 MPH)
Top of the 3rd over - 0 runs, 2 hits, 0 errors, 2 left on base; Toronto 2 - Windy City 0
BOTTOM OF THE 3RD
Windy City Blues batting - Pitching for Toronto Canadians : RHP JaQuan Wamugunda
Batting: RHB Ty Dec 0-0: Swinging Strike
0-1: Ball
1-1: Called Strike
1-2: Ball
2-2: Strikes out swinging
Batting: SHB J.J. Evans 0-0: Ball
1-0: Ball
2-0: Swinging Strike
2-1: Foul Ball, location: 2F
2-2: Strikes out looking
Batting: LHB Tommy Tuten 0-0: Ball
1-0: Swinging Strike
1-1: Ball
2-1: Ball
3-1: Swinging Strike
3-2: SINGLE (Flyball, 6D, EV 88.1 MPH)
Batting: LHB Idris Wnuk 0-0: Called Strike
0-1: Ball
1-1: Ball
2-1: Called Strike
2-2: Foul Ball, location: 2F
2-2: Ball
3-2: Foul Ball, location: 2F
3-2: SINGLE (Groundball, 34D, EV 103.1 MPH)
Tommy Tuten to second
Tommy Tuten to third
Batting: LHB Jedediah Hernandez 0-0: Ball
1-0: Fly out, F8 (Flyball, 89M, EV 90.0 MPH)
Bottom of the 3rd over - 0 runs, 2 hits, 0 errors, 2 left on base; Toronto 2 - Windy City 0
TOP OF THE 4TH
Toronto Canadians batting - Pitching for Windy City Blues : RHP Cade Hogan
Batting: LHB David Mitchell 0-0: Ball
1-0: Swinging Strike
1-1: Swinging Strike
1-2: Ball
2-2: Ball
3-2: Foul Ball, location: 2F
3-2: Foul Ball, location: 2F
3-2: Foul Ball, location: 2F
3-2: Foul Ball, location: 2F
3-2: Fly out, F7 (Line Drive, 7, EV 103.8 MPH)
Batting: LHB Cory Petit 0-0: Called Strike
0-1: Foul Ball, location: 2F
0-2: Strikes out swinging
Batting: RHB Keon Pryor 0-0: Ball
1-0: Fly out, F7 (Flyball, 7D, EV 85.6 MPH)
Top of the 4th over - 0 runs, 0 hits, 0 errors, 0 left on base; Toronto 2 - Windy City 0
BOTTOM OF THE 4TH
Windy City Blues batting - Pitching for Toronto Canadians : RHP JaQuan Wamugunda
Batting: RHB Corbin Herron 0-0: Ground out 5-3 (Groundball, 56, EV 83.8 MPH)
Batting: RHB Forest Cordova 0-0: Called Strike
0-1: Ball
1-1: Ball
2-1: Foul Ball, location: 2F
2-2: Ground out 5-3 (Groundball, 56S, EV 81.9 MPH)
Batting: RHB Adrien Jimenez 0-0: Called Strike
0-1: Called Strike
0-2: Ball
1-2: Ball
2-2: Foul Ball, location: 2F
2-2: Strikes out swinging
Bottom of the 4th over - 0 runs, 0 hits, 0 errors, 0 left on base; Toronto 2 - Windy City 0
TOP OF THE 5TH
Toronto Canadians batting - Pitching for Windy City Blues : RHP Cade Hogan
Batting: RHB Olin Keele 0-0: Swinging Strike
0-1: Ball
1-1: Ball
2-1: Swinging Strike
2-2: Ball
3-2: Strikes out swinging
Batting: RHB Vin Edwards 0-0: Ball
1-0: Called Strike
1-1: Ball
2-1: Foul Ball, location: 2F
2-2: Foul Ball, location: 2F
2-2: Fly out, F8 (Flyball, 89S, EV 88.1 MPH)
Batting: LHB Chase Calhoun 0-0: Called Strike
0-1: Ground out 4-3 (Groundball, 4, EV 88.8 MPH)
Top of the 5th over - 0 runs, 0 hits, 0 errors, 0 left on base; Toronto 2 - Windy City 0
BOTTOM OF THE 5TH
Windy City Blues batting - Pitching for Toronto Canadians : RHP JaQuan Wamugunda
Batting: RHB Del Tarrance 0-0: Ball
1-0: SINGLE (Groundball, 6MD, EV 96.9 MPH)
Batting: RHB Ty Dec 0-0: Ball
1-0: Foul Ball, location: 2F
1-1: Foul Ball, location: 2F
1-2: Foul Ball, location: 2F
1-2: Foul Ball, location: 2F
1-2: Ball
2-2: DOUBLE (Flyball, 78XD, EV 97.5 MPH)
Del Tarrance to third
Runner from 3rd tries for Home, SAFE, no throw by CF
Batting: SHB J.J. Evans 0-0: Ball
1-0: Foul Ball, location: 2F
1-1: Foul Ball, location: 2F
1-2: Ball
2-2: Strikes out swinging
Batting: LHB Tommy Tuten 0-0: Ball
1-0: DOUBLE (Groundball, 3L, EV 98.1 MPH)
Ty Dec scores
Batting: LHB Idris Wnuk 0-0: Called Strike
0-1: Swinging Strike
0-2: Strikes out swinging
Batting: LHB Jedediah Hernandez 0-0: Ball
Wild Pitch!
Tommy Tuten to third
1-0: Called Strike
1-1: Ball
2-1: Swinging Strike
2-2: Strikes out swinging
Bottom of the 5th over - 2 runs, 3 hits, 0 errors, 1 left on base; Toronto 2 - Windy City 2
TOP OF THE 6TH
Toronto Canadians batting - Pitching for Windy City Blues : RHP Cade Hogan
Batting: LHB Brian Wheat 0-0: Ball
1-0: Called Strike
1-1: Ball
2-1: Fly out, F8 (Flyball, 8LM, EV 83.8 MPH)
Batting: LHB Kelvin Kenney 0-0: Called Strike
0-1: Ball
1-1: Foul Ball, location: 2F
1-2: Foul Ball, location: 2F
1-2: DOUBLE (Flyball, 8LXD, EV 111.2 MPH)
Batting: RHB Manuel Zaragoza 0-0: Foul Ball, location: 2F
0-1: Ball
1-1: Fly out, F8 (Flyball, 8RM, EV 86.2 MPH)
Batting: LHB David Mitchell 0-0: Ball
1-0: DOUBLE (Line Drive, 5D, EV 100.6 MPH)
Kelvin Kenney scores
Batting: LHB Cory Petit 0-0: Swinging Strike
0-1: Called Strike
0-2: Foul Ball, location: 2F
0-2: Strikes out swinging
Top of the 6th over - 1 run, 2 hits, 0 errors, 1 left on base; Toronto 3 - Windy City 2
BOTTOM OF THE 6TH
Windy City Blues batting - Pitching for Toronto Canadians : RHP JaQuan Wamugunda
Batting: RHB Corbin Herron 0-0: Called Strike
0-1: Ball
1-1: Foul Ball, location: 2F
1-2: Ball
2-2: Fly out, F9 (Line Drive, 89D, EV 97.5 MPH)
Pitching: RHP Bruno Sheline
Batting: RHB Forest Cordova 0-0: Ball
1-0: Ball
2-0: Called Strike
2-1: Called Strike
2-2: Strikes out swinging
Batting: RHB Adrien Jimenez 0-0: Called Strike
0-1: Ball
1-1: Ground out 6-3 (Groundball, 6, EV 81.2 MPH)
Bottom of the 6th over - 0 runs, 0 hits, 0 errors, 0 left on base; Toronto 3 - Windy City 2
TOP OF THE 7TH
Toronto Canadians batting - Pitching for Windy City Blues : RHP Cade Hogan
Pitching: RHP R.V. Weatherby
Batting: RHB Keon Pryor 0-0: Called Strike
0-1: Foul Ball, location: 2F
0-2: Ball
1-2: Fly out, F4 (Popup, 4, EV 51.9 MPH)
Batting: RHB Olin Keele 0-0: Ball
1-0: Foul Ball, location: 2F
1-1: Ball
2-1: Ball
3-1: Base on Balls
Batting: RHB Vin Edwards 0-0: Ball
1-0: Ball
Olin Keele steals 2nd base
2-0: Foul Ball, location: 2F
2-1: Swinging Strike
2-2: Ball
3-2: Ground out 6-3 (Groundball, 6, EV 85.0 MPH)
Olin Keele to third
Batting: LHB Chase Calhoun 0-0: Ball
1-0: Called Strike
1-1: Foul Ball, location: 2F
1-2: Foul Ball, location: 2F
1-2: Strikes out swinging
Top of the 7th over - 0 runs, 0 hits, 0 errors, 1 left on base; Toronto 3 - Windy City 2
BOTTOM OF THE 7TH
Windy City Blues batting - Pitching for Toronto Canadians : RHP Bruno Sheline
Batting: RHB Del Tarrance 0-0: Called Strike
0-1: Called Strike
0-2: Ground out U3 (Groundball, 3, EV 83.1 MPH)
Batting: RHB Ty Dec 0-0: Ball
1-0: Foul Ball, location: 2F
1-1: Foul Ball, location: 2F
1-2: Ball
2-2: Foul Ball, location: 2F
2-2: Foul Ball, location: 2F
2-2: Ball
3-2: Foul Ball, location: 2F
3-2: SOLO HOME RUN (Flyball, 89XD, EV 108.1 MPH), Distance : 405 ft
Batting: SHB J.J. Evans 0-0: Called Strike
0-1: SINGLE (Groundball, 34D, EV 110.0 MPH)
Batting: LHB Tommy Tuten 0-0: Ball
1-0: Fly out, F9 (Flyball, 89M, EV 77.5 MPH)
Batting: LHB Idris Wnuk 0-0: Ball
1-0: Called Strike
1-1: SINGLE (Groundball, 56D, EV 100.6 MPH)
J.J. Evans to second
Pinch Runner at 2nd Deontae Howard:
Batting: LHB Jedediah Hernandez 0-0: Called Strike
0-1: Ball
Wild Pitch!
Deontae Howard to third
Idris Wnuk to second
1-1: SINGLE (Line Drive, 8RS, EV 106.2 MPH)
Deontae Howard scores
Idris Wnuk to third
Runner from 3rd tries for Home, throw by CF and OUT! 8-2
Bottom of the 7th over - 2 runs, 4 hits, 0 errors, 1 left on base; Toronto 3 - Windy City 4
TOP OF THE 8TH
Toronto Canadians batting - Pitching for Windy City Blues : RHP R.V. Weatherby
Now in LF: Deontae Howard
Batting: LHB Brian Wheat 0-0: Ball
1-0: Ball
2-0: Ball
3-0: Called Strike
3-1: Called Strike
3-2: SOLO HOME RUN (Flyball, 9D, EV 98.8 MPH), Distance : 378 ft
Batting: LHB Kelvin Kenney 0-0: Ball
1-0: Ball
2-0: Called Strike
2-1: Foul Ball, location: 2F
2-2: Foul Ball, location: 2F
2-2: Ball
3-2: Fly out, F7 (Flyball, 78S, EV 87.5 MPH)
Pitching: RHP Shane Hellman
Batting: LHB Reese Bowman 0-0: Ball
1-0: Ball
2-0: Called Strike
2-1: Ball
3-1: Base on Balls
Batting: LHB David Mitchell 0-0: Ball
1-0: Foul Ball, location: 2F
1-1: Ball
2-1: Called Strike
2-2: Ball
3-2: Foul Ball, location: 2F
3-2: Base on Balls
Reese Bowman to second
Batting: LHB Cory Petit 0-0: Foul Ball, location: 2F
0-1: Foul Ball, location: 2F
0-2: Grounds into double play, 4-6-3 (Groundball, 4MS, EV 88.1 MPH)
Top of the 8th over - 1 run, 1 hit, 0 errors, 1 left on base; Toronto 4 - Windy City 4
BOTTOM OF THE 8TH
Windy City Blues batting - Pitching for Toronto Canadians : RHP Bruno Sheline
Batting: RHB Corbin Herron 0-0: Swinging Strike
0-1: Fly out, F8 (Flyball, 89M, EV 86.9 MPH)
Batting: RHB Forest Cordova 0-0: Called Strike
0-1: Ball
1-1: Swinging Strike
1-2: Strikes out looking
Batting: RHB Adrien Jimenez 0-0: Foul Ball, location: 2F
0-1: Ball
1-1: Ball
2-1: Ball
3-1: Base on Balls
Batting: RHB Del Tarrance 0-0: Fly out, F8 (Line Drive, 8LM, EV 103.8 MPH)
Bottom of the 8th over - 0 runs, 0 hits, 0 errors, 1 left on base; Toronto 4 - Windy City 4
TOP OF THE 9TH
Toronto Canadians batting - Pitching for Windy City Blues : RHP Shane Hellman
Batting: RHB Keon Pryor 0-0: Called Strike
0-1: Swinging Strike
0-2: Ball
1-2: Ball
2-2: Ball
3-2: Foul Ball, location: 2F
3-2: Strikes out swinging
Batting: RHB Olin Keele 0-0: Ball
1-0: Ball
2-0: Ball
3-0: Called Strike
3-1: Foul Ball, location: 2F
3-2: Strikes out swinging
Pinch Hitting: LHB Lawrence Gatzioudis 0-0: Ball
1-0: Called Strike
1-1: Ground out 6-3 (Groundball, 6, EV 101.2 MPH)
Top of the 9th over - 0 runs, 0 hits, 0 errors, 0 left on base; Toronto 4 - Windy City 4
BOTTOM OF THE 9TH
Windy City Blues batting - Pitching for Toronto Canadians : RHP Bruno Sheline
Now at 3B: Odell Mapute
Batting: RHB Ty Dec 0-0: Ball
1-0: Ball
2-0: Called Strike
2-1: Foul Ball, location: 2F
2-2: Ball
3-2: Foul Ball, location: 2F
3-2: Strikes out swinging
Batting: RHB Deontae Howard 0-0: Ball
1-0: Called Strike
1-1: Swinging Strike
1-2: Strikes out swinging
Batting: LHB Tommy Tuten 0-0: Called Strike
0-1: Ball
1-1: Fly out, F7 (Flyball, 7LS, EV 96.2 MPH)
Bottom of the 9th over - 0 runs, 0 hits, 0 errors, 0 left on base; Toronto 4 - Windy City 4
TOP OF THE 10TH
Toronto Canadians batting - Pitching for Windy City Blues : RHP Shane Hellman
Batting: LHB Chase Calhoun 0-0: Called Strike
0-1: Ball
1-1: Foul Ball, location: 2F
1-2: Ball
2-2: Strikes out swinging
Batting: LHB Brian Wheat 0-0: Ball
1-0: Called Strike
1-1: SINGLE (Groundball, 6MS, EV 70.6 MPH) (infield hit)
Batting: LHB Kelvin Kenney 0-0: Fly out, F7 (Flyball, 78M, EV 81.2 MPH)
Batting: LHB Reese Bowman 0-0: Called Strike
0-1: Ball
1-1: Called Strike
1-2: Foul Ball, location: 2F
1-2: Ground out 4-3 (Groundball, 34, EV 108.1 MPH)
Top of the 10th over - 0 runs, 1 hit, 0 errors, 1 left on base; Toronto 4 - Windy City 4
BOTTOM OF THE 10TH
Windy City Blues batting - Pitching for Toronto Canadians : RHP Bruno Sheline
Pitching: RHP Brian Clark
Batting: LHB Idris Wnuk 0-0: Foul Ball, location: 2F
0-1: Fly out, F7 (Flyball, 7D, EV 101.9 MPH)
Batting: LHB Jedediah Hernandez 0-0: Called Strike
0-1: Foul Ball, location: 2F
0-2: Ball
1-2: Foul Ball, location: 2F
1-2: Strikes out swinging
Batting: RHB Corbin Herron 0-0: Called Strike
0-1: Ball
1-1: Swinging Strike
1-2: Foul Ball, location: 2F
1-2: Strikes out swinging
Bottom of the 10th over - 0 runs, 0 hits, 0 errors, 0 left on base; Toronto 4 - Windy City 4
TOP OF THE 11TH
Toronto Canadians batting - Pitching for Windy City Blues : RHP Shane Hellman
Batting: LHB David Mitchell 0-0: Called Strike
0-1: SOLO HOME RUN (Flyball, 9LD, EV 91.2 MPH), Distance : 356 ft
Batting: LHB Cory Petit 0-0: Called Strike
0-1: Foul Ball, location: 2F
0-2: Foul Ball, location: 2F
0-2: Ball
1-2: Fly out, F9 (Line Drive, 9, EV 86.2 MPH)
Batting: RHB Keon Pryor 0-0: Ball
1-0: Called Strike
1-1: Foul Ball, location: 2F
1-2: Foul Ball, location: 2F
1-2: Ball
2-2: Strikes out swinging
Pitching: RHP Keegan Davies
Batting: RHB Olin Keele 0-0: Fly out, F8 (Flyball, 78D, EV 86.9 MPH)
Top of the 11th over - 1 run, 1 hit, 0 errors, 0 left on base; Toronto 5 - Windy City 4
BOTTOM OF THE 11TH
Windy City Blues batting - Pitching for Toronto Canadians : RHP Brian Clark
Batting: RHB Forest Cordova 0-0: Called Strike
0-1: SOLO HOME RUN (Flyball, 9LD, EV 90.6 MPH), Distance : 337 ft
Batting: RHB Adrien Jimenez 0-0: Ground out 4-3 (Groundball, 4M, EV 86.9 MPH)
Pinch Hitting: RHB Dorsey Brewer 0-0: Called Strike
0-1: Ground out 6-3 (Groundball, 6, EV 80.0 MPH)
Batting: RHB Ty Dec 0-0: Called Strike
0-1: Called Strike
0-2: Foul Ball, location: 2F
0-2: Strikes out swinging
Bottom of the 11th over - 1 run, 1 hit, 0 errors, 0 left on base; Toronto 5 - Windy City 5
TOP OF THE 12TH
Toronto Canadians batting - Pitching for Windy City Blues : RHP Keegan Davies
Now at SS: J.R. Ketterman
Pinch Hitting: RHB Chasson Egan 0-0: Ground out 4-3 (Groundball, 34, EV 85.6 MPH)
Pitching: LHP Jordan Allen
Batting: LHB Chase Calhoun 0-0: Ball
1-0: Foul Ball, location: 2F
1-1: Ball
2-1: Foul Ball, location: 2F
2-2: Ball
3-2: Base on Balls
Batting: LHB Brian Wheat 0-0: Ball
1-0: Foul Ball, location: 2F
1-1: Called Strike
Chase Calhoun steals 2nd base
1-2: 2-RUN HOME RUN (Flyball, 9D, EV 97.5 MPH), Distance : 366 ft
Batting: LHB Kelvin Kenney 0-0: Ball
1-0: Ball
2-0: Ball
3-0: Base on Balls
Batting: LHB Reese Bowman 0-0: Foul Ball, location: 2F
0-1: Grounds into double play, 4-6-3 (Groundball, 4, EV 105.0 MPH)
Top of the 12th over - 2 runs, 1 hit, 0 errors, 0 left on base; Toronto 7 - Windy City 5
BOTTOM OF THE 12TH
Windy City Blues batting - Pitching for Toronto Canadians : RHP Brian Clark
Now at 2B: Dennis Brantley
Now at 3B: Olin Keele
Batting: RHB Deontae Howard 0-0: Ball
1-0: Foul Ball, location: 2F
1-1: Swinging Strike
1-2: Ball
2-2: Foul Ball, location: 2F
2-2: Strikes out looking
Batting: LHB Tommy Tuten 0-0: Called Strike
0-1: Ball
1-1: Swinging Strike
1-2: Ground out U3 (Groundball, 3, EV 85.0 MPH)
Batting: LHB Idris Wnuk 0-0: Called Strike
0-1: Called Strike
0-2: Reached on error, E9 (Flyball, 89S, EV 93.8 MPH)
Pitching: LHP Jordan Stephens
Batting: LHB Jedediah Hernandez 0-0: Called Strike
0-1: Ground out 4-3 (Groundball, 4, EV 83.8 MPH)
Bottom of the 12th over - 0 runs, 0 hits, 1 error, 1 left on base; Toronto 7 - Windy City 5
Saturday, April 27th , 2024 - OOTP Baseball 23.10 Build 110